 Dungeon Crawl Stone Soup version 0.28-a0-1477-g273aa18710 (webtiles) character file.

Game seed: 2292532134873625606

3614 Majang the Chiller (level 10, -20/56 HPs)
             Began as a Tengu Ice Elementalist on Jan 11, 2022.
             Was an Initiate of Vehumet.
             Demolished by Harold (29 damage)
             ... on level 7 of the Dungeon.
             The game lasted 00:53:21 (10284 turns).

Majang the Chiller (Tengu Ice Elementalist)        Turns: 10284, Time: 00:53:22

Health: -20/56     AC: 14    Str:  9    XL:     10   Next: 11%
Magic:  13/21      EV: 16    Int: 20    God:    Vehumet [......]
Gold:   253        SH:  0    Dex: 14    Spells: 11/22 levels left

rFire   . . .      SeeInvis .   a - +4 quarterstaff (chaos)
rCold   . . .      Faith    .   (shield currently unavailable)
rNeg    . . .      Spirit   .   w - +0 steam dragon scales
rPois   .          Reflect  .   (helmet restricted)
rElec   .          Harm     .   k - +1 cloak
rCorr   .          Rampage  .   (no gloves)
Will    .....                   (boots unavailable)
Stlth   ++........              (no amulet)
HPRegen 0.18/turn               (no ring)
MPRegen 0.17/turn               (no ring)

@: ice-armoured, marked, freezing walls, flying quickly and evasively, quick
A: beak, talons 3, nimble flight
a: Renounce Religion


You were on level 7 of the Dungeon.
You worshipped Vehumet.
Vehumet was noncommittal.
You visited 2 branches of the dungeon, and saw 8 of its levels.
You also visited: Ossuary.

You collected 253 gold pieces.

Inventory:

Hand Weapons
 a - a +4 quarterstaff of chaos (weapon)
 l - a +0 trident
 n - a +1 whip of freezing
Armour
 k - a +1 cloak (worn)
 r - a +0 buckler
 w - +0 steam dragon scales (worn)
Magical Staves
 c - a staff of death
Wands
 f - a wand of polymorph (13)
 g - a wand of paralysis (6)
 t - a wand of flame (35)
 v - a wand of acid (8)
Scrolls
 d - a scroll of blinking
 i - a scroll of fog
 s - a scroll of fear {unknown}
 x - a scroll of enchant weapon {unknown}
Potions
 b - 2 potions of heal wounds
 e - 2 potions of haste
 h - a potion of curing {unknown}
 j - 2 potions of attraction {unknown}
 m - 3 potions of lignification
 o - a potion of mutation {unknown}
 p - 2 potions of invisibility
 q - a potion of magic {unknown}
 u - a potion of flight {unknown}


   Skills:
 + Level 4.0 Fighting
 + Level 4.3 Staves
 + Level 5.1 Dodging
 - Level 2.0 Stealth
 + Level 2.8 Shields
 * Level 6.7 Spellcasting
 + Level 5.3 Conjurations
 * Level 7.5 Ice Magic
 + Level 4.0 Evocations


You had 11 spell levels left.
You knew the following spells:

 Your Spells              Type           Power      Damage    Failure   Level
a - Ozocubu's Armour      Ice            36%        N/A       1%          3
f - Freeze                Ice            100%       1d11      1%          1
h - Hailstorm             Conj/Ice       32%        3d8       7%          4
r - Frozen Ramparts       Ice            72%        1d9       1%          3

Your spell library contained the following spells:

 Spells                   Type           Power      Damage    Failure   Level
 Ozocubu's Refrigeration  Ice            18%        4d8       98%         7


Dungeon Overview and Level Annotations

Branches:
Dungeon (7/15)             Temple (1/1) D:7         Ossuary (visited)

Altars:
Ashenzari
Cheibriados
Dithmenos
Elyvilon
Fedhas
Gozag
Hepliaklqana
Kikubaaqudgha
Makhleb
Nemelex Xobeh
Okawaru
Qazlal
Ru
Sif Muna
Trog
Uskayaw
Vehumet
Wu Jian
Xom
Yredelemnul
Zin
The Shining One
Beogh
Lugonu

Shops:
D:5 :

Portals:
Abyss: D:3

Annotations:
D:6 3 runed translucent doors, Telegenic's ghost, novice HuBr
D:7 Harold


Innate Abilities, Weirdness & Mutations

You have a beak for a mouth.
You have claws for feet.
Your magical nature lets you fly swiftly and evasively.


Message History

A film of ice covers your body!
The wall freezes Harold.
Casting: Ozocubu's Armour (safe; 1% risk of failure)
Confirm with . or Enter, or press ? or * to list all spells.
Casting: Hailstorm (dangerous; 7% risk of failure)
Press: ? - help, Dir - look around, f - activate A cannonade of hail descends around you!
The hail pelts Harold!
Harold is moderately wounded.
The wall freezes Harold.
Harold throws a throwing net.
The throwing net hits you.
You become entangled in the net!
You struggle against the net.
The wall freezes Harold.
You struggle against the net.
The wall freezes Harold!
Harold hits you with a +0 broad axe!
You struggle against the net.
The wall freezes Harold.
Harold points at you and mumbles some strange words.
The mark upon you grows brighter.
You shred the net and break free!
The wall freezes Harold.
Harold hits you with a +0 broad axe!
You sock Harold!
Harold is poisoned.
Harold is severely wounded.
The wall freezes Harold.
Harold hits you but does no damage.
You hit Harold but do no damage.
Harold seems to grow stronger.
Your kick misses Harold. You peck Harold, but do no damage.
Harold is severely wounded.
The wall freezes Harold.
Harold points at you and mumbles some strange words.
The mark upon you grows brighter.
You closely miss Harold. You claw Harold. You peck Harold, but do no damage.
Harold is severely wounded.
The wall freezes Harold.
Harold hits you with a +0 broad axe.
You hit Harold.
Harold's magic leaks into the air.
You peck Harold, but do no damage.
Harold is almost dead.
The wall freezes Harold.
Harold hits you with a +0 broad axe!!
* * * LOW HITPOINT WARNING * * *
You completely miss Harold. Your kick misses Harold.
Harold is almost dead.
The wall freezes Harold.
Harold hits you with a +0 broad axe!!
Ouch! That really hurt!
You die...

##....+........#
.+....#........#
##....#........#
#######........#
. #........# ..
#........#
#........#
#........####.#
#.........@@..#
+.............#
#.....(.......#
#.............#
#.............#
############+##


You could see Harold (strong, poisoned, magic disrupted).

Vanquished Creatures
  Pikel (D:6)
  Maggie (D:7)
  Sigmund (D:3)
  Duvessa (D:4)
  An ice beast (D:5)
  A sky beast (D:6)
  A hornet zombie (D:5)
  2 black bears (D:5)
  3 ogres
  A centaur (D:5)
  3 necrophages
  5 lemures (D:6)
  An elf zombie (Ossuary)
  A kobold brigand (D:4)
  6 scorpions
  Dowan (D:4)
  3 water moccasin skeletons
  A jelly (D:5)
  A centaur zombie (Ossuary)
  2 hounds
  Crazy Yiuf (D:6)
  2 orc priests (D:6)
  A bullfrog zombie (D:6)
  2 human zombies (Ossuary)
  A bullfrog skeleton (D:5)
  3 iguanas
  Ijyb (D:4)
  Terence (D:3)
  Natasha (thrice) (D:2)
  An orc wizard (D:4)
  3 mummies
  7 gnolls (D:2)
  4 adders
  A shadow imp (D:5)
  3 adder zombies (Ossuary)
  An adder skeleton (D:4)
  2 worms (D:2)
  3 dart slugs
  15 orcs
  3 bats
  7 endoplasms
  A giant cockroach (D:3)
  5 goblins
  4 hobgoblins
  10 kobolds
  5 quokkas
  5 ball pythons
  3 frilled lizards (D:1)
  A goblin zombie (Ossuary)
  10 hobgoblin zombies (Ossuary)
  5 kobold zombies (Ossuary)
  10 orc zombies (Ossuary)
  8 rats
  4 rat zombies (Ossuary)
173 creatures vanquished.

Vanquished Creatures (others)
  A fungus (D:6)
  6 plants (D:6)
7 creatures vanquished.

Grand Total: 180 creatures vanquished

Notes
Turn   | Place    | Note
-------+----------+-------------------------------------------
     0 | D:1      | Majang the Tengu Ice Elementalist began the quest for the
                  | Orb.
     0 | D:1      | Reached XP level 1. HP: 10/10 MP: 4/4
   120 | D:1      | Reached XP level 2. HP: 15/15 MP: 1/6
   596 | D:1      | Reached skill level 4 in Ice Magic
   722 | D:1      | Reached XP level 3. HP: 19/19 MP: 5/7
   746 | D:1      | Learned a level 3 spell: Ozocubu's Armour
   750 | D:1      | Learned a level 3 spell: Frozen Ramparts
  1197 | D:2      | Found a sparkling altar of Nemelex Xobeh.
  1346 | D:2      | Reached XP level 4. HP: 13/24 MP: 2/9
  1570 | D:2      | Noticed Natasha
  1581 | D:2      | Killed Natasha
  1752 | D:2      | Found a faded altar of an unknown god.
  1819 | D:2      | Gained mutation: Your magical nature lets you fly swiftly
                  | and evasively. [Tengu growth]
  1819 | D:2      | Reached XP level 5. HP: 28/28 MP: 4/11
  2011 | D:2      | Noticed Natasha
  2021 | D:2      | Killed Natasha
  2022 | D:2      | Reached skill level 5 in Ice Magic
  2070 | D:2      | Noticed Natasha
  2085 | D:2      | Killed Natasha
  2360 | D:3      | Learned a level 4 spell: Hailstorm
  2365 | D:3      | Reached XP level 6. HP: 26/33 MP: 8/13
  2497 | D:3      | Found a one-way gate to the infinite horrors of the Abyss.
  2562 | D:3      | Reached skill level 1 in Conjurations
  2737 | D:3      | Noticed Sigmund
  2747 | D:3      | Killed Sigmund
  2748 | D:3      | Reached skill level 1 in Fighting
  2748 | D:3      | Reached skill level 1 in Staves
  2748 | D:3      | Reached skill level 1 in Evocations
  2748 | D:3      | Reached XP level 7. HP: 3/38 MP: 1/14
  3358 | D:3      | Noticed Terence
  3368 | D:3      | Killed Terence
  3464 | D:3      | Found a large runed translucent door.
  3464 | D:3      | Found a large runed translucent door.
  3468 | D:3      | Found a corrupted altar of Lugonu.
  4288 | D:4      | Found a sparkling altar of Nemelex Xobeh.
  4310 | D:4      | Found a hide-covered altar of Uskayaw.
  4355 | D:4      | Noticed Ijyb
  4357 | D:4      | Paralysed by Ijyb for 5 turns
  4363 | D:4      | Killed Ijyb
  4376 | D:4      | Noticed Dowan
  4396 | D:4      | Killed Dowan
  4424 | D:4      | Found a sand-covered staircase.
  4486 | Ossuary  | Entered an ossuary
  5566 | Ossuary  | Reached XP level 8. HP: 39/44 MP: 16/16
  5725 | D:4      | Reached skill level 5 in Spellcasting
  5736 | D:4      | Noticed Duvessa
  5746 | D:4      | Killed Duvessa
  5747 | D:4      | Reached skill level 6 in Ice Magic
  6736 | D:5      | Entered Level 5 of the Dungeon
  6844 | D:5      | Found Joesigg's Book Shoppe.
  7090 | D:5      | Reached skill level 1 in Shields
  7170 | D:5      | Reached XP level 9. HP: 32/50 MP: 8/18
  8126 | D:6      | Noticed Grinder
  8126 | D:6      | Found a runed translucent gate.
  8126 | D:6      | Found a runed translucent gate.
  8126 | D:6      | Found a runed translucent gate.
  8127 | D:6      | Noticed Grinder
  8127 | D:6      | Grinder changed into Grinder the lemure
  8127 | D:6      | Noticed Telegenic's ghost (novice HuBr)
  8132 | D:6      | Killed Grinder the lemure
  8595 | D:6      | Noticed Pikel
  8605 | D:6      | Killed Pikel
  8606 | D:6      | Reached skill level 7 in Ice Magic
  8978 | D:6      | Reached skill level 5 in Conjurations
  9315 | D:6      | Found a runed translucent door.
  9316 | D:6      | Noticed Crazy Yiuf
  9669 | D:6      | Killed Crazy Yiuf
  9670 | D:6      | Reached XP level 10. HP: 42/56 MP: 7/20
  9917 | D:7      | Noticed Maggie
  9927 | D:7      | Killed Maggie
  9928 | D:7      | Reached skill level 5 in Dodging
 10043 | D:7      | Found a staircase to the Ecumenical Temple.
 10052 | Temple   | Entered the Ecumenical Temple
 10208 | Temple   | Became a worshipper of Vehumet
 10268 | D:7      | Noticed Harold
 10284 | D:7      | Demolished by Harold

Illustrated notes

Levels and vault maps discovered:
D:1:      lemuel_arrival_rhombus, layout_loops_ring, minmay_tiny_reverse_x
D:2:      layout_basic, basic_altar, hellmonk_ecumenical_altar_defaced_shrine,
          uniq_natasha
D:3:      due_chaos_kobolds, layout_basic, uniq_terence, uniq_sigmund
D:4:      layout_basic, mainiacjoe_overflow_catch_the_wave,
          gup_ossuary_entry_pyramid, uniq_duvessa, uniq_ijyb
D:5:      layout_loops_ring, serial_shops, shop
D:6:      layout_cave_pools, gammafunk_ghost_nasty_kobolds,
          kennysheep_pointless_box, amethyst_killhole, serial_bayou_crossing,
          uniq_crazy_yiuf_cottage, uniq_grinder, uniq_pikel
D:7:      layout_gridville, minmay_temple_entry_crystal_x, uniq_maggie,
          uniq_harold, uniq_menkaure
Temple:   regret_index_temple_chain_breaker

Skill      XL: |  1  2  3  4  5  6  7  8  9 10 |
---------------+-------------------------------+-----
Ice Magic      | 4 5 6 7 |  7.5
Spellcasting   | 3 4 5 6 |  6.7
Conjurations   | 1 2 3 5 |  5.3
Fighting       | 1 2 3 4 |  4.0
Staves         | 1 2 3 4 |  4.3
Evocations     | 1 2 3 4 |  4.0
Dodging        | 3 4 5 |  5.1
Shields        | 1 2 |  2.8
Stealth        | |  2.0

Action                   |  1- 3 |  4- 6 |  7- 9 | 10-12 || total
-------------------------+-------+-------+-------+-------++-------
Melee: Kick              |     8 |     3 |   104 |     4 ||   119
       Unarmed           |     3 |       |       |       ||     3
       Spear             |    22 |    13 |       |       ||    35
       Staff             |     6 |       |       |       ||     6
       Trident           |       |    14 |   276 |       ||   290
       Punch             |       |     1 |     4 |       ||     5
       Peck              |       |     1 |    49 |     3 ||    53
       Quarterstaff      |       |       |       |    12 ||    12
 Cast: Freeze            |    35 |    16 |    34 |       ||    85
       Frozen Ramparts   |     1 |    15 |    39 |     2 ||    57
       Ozocubu's Armour  |     1 |     9 |    55 |     2 ||    67
       Hailstorm         |       |       |    17 |     3 ||    20
Evoke: Wand              |       |       |     1 |     1 ||     2
  Use: Scroll            |       |       |    13 |       ||    13
 Stab: Sleeping          |     7 |     2 |     1 |       ||    10
       Distracted        |       |       |     1 |       ||     1
Armor: Robe              |     5 |     4 |    83 |     2 ||    94
       Steam dragon scal |       |       |       |     1 ||     1
Dodge: Dodged            |    20 |    21 |   161 |     8 ||   210
Block: Buckler           |       |       |    14 |       ||    14

Table legend: (Time is in decaauts)
 A = Elapsed time spent in this place.
 B = Non-inter-level travel time spent in this place.
 C = Inter-level travel time spent in this place.
 D = Time resting spent in this place.
 E = Time spent auto-exploring this place.
 F = Levels seen in this place.
 G = Mean time per level.
                   A        B        C        D        E       F      G
               +--------+--------+--------+--------+--------+-----+--------+
         Total |  10012 |   9772 |    240 |   4245 |   3652 |   9 | 1112.4 |
       Dungeon |   8617 |   8408 |    209 |   3530 |   3541 |   7 | 1231.0 |
        Temple |    159 |    129 |     30 |      0 |    110 |   1 |  159.0 |
       Ossuary |   1235 |   1235 |      0 |    715 |      0 |   1 | 1235.0 |
               +--------+--------+--------+--------+--------+-----+--------+

Top non-repeatable levels by time:
     D:3: 1659 daAuts
     D:5: 1567 daAuts
     D:6: 1488 daAuts
     D:4: 1404 daAuts
     D:1: 1349 daAuts
 Ossuary: 1235 daAuts
     D:2: 926 daAuts
     D:7: 221 daAuts
  Temple: 159 daAuts
